Nobbs, chaotic male elven Wizard ---- ------- --- -- |..-------..|..| ------.---- .-- |.^............|--- --.|.|...|-.-- .. --.-----.......--.-- ---- |.......-|...|.. |.| |.--........| |*.--- |.......| -..|.- |.| |...|.......| ---....-- |.......| --...| |.| ---.---.-...---.......| -------..).|---..--- |.| . --.............- ----.-----...)-|......--- |.| -.--............-- --..[..||.......|........| |.|--- |....|..---......| |.....---.-.......>......| |.|..| --...----- --....-- |..|%.|...(.............-- --....| |......| |.---- -----...(.....*........-- |...--- --..--.---- --- -...).)............------...-- --- |....-- -.......----..................| ---...| .......----- --....--------.....- --..-- --------- |..--- |.......- |..@- ---- |........- ....*.... |....|....| |....--..... --..---.--- ---.- --.|.- ---- -- -- ---- Nobbs the Thaumaturge Experience level: 7 Strength: 9 Dexterity: 18 Constitution: 14 Intelligence: 18 Wisdom: 11 Charisma: 10 Health: 46(48) Energy: 9(68) Def: 4 Gold: 523 Moves: 4130 Dungeon seed: WFG0rNN_m-MKl5my Game ID: Nobbs_1509464612 Your Inventory: Coins $ - 523 gold pieces Wands b - a wand of fire (0:7) N - a wand of digging (0:6) U - a wand of locking (0:7) Weapons a - a blessed +1 quarterstaff (weapon in hands) t - a +0 dagger Armor e - an uncursed +0 cloak of magic resistance (being worn) y - an uncursed +0 pair of low boots (being worn) z - an uncursed +0 pair of gauntlets of dexterity (being worn) Y - an uncursed +0 pair of jumping boots Comestibles r - an uncursed egg B - an uncursed apple C - 4 uncursed slime molds I - an uncursed cram ration L - an uncursed carrot M - an uncursed food ration Scrolls h - an uncursed scroll of destroy armor i - an uncursed scroll of scare monster j - an uncursed scroll of identify o - a blessed scroll of teleportation H - 2 uncursed scrolls of light Spellbooks k - a blessed spellbook of force bolt l - a blessed spellbook of jumping s - an uncursed spellbook of detect monsters Potions f - 2 uncursed potions of speed g - an uncursed potion of object detection u - an uncursed potion of enlightenment x - a cursed potion of healing D - an uncursed potion of gain energy E - an uncursed potion of paralysis G - an uncursed potion of levitation J - an uncursed potion of restore ability P - an uncursed potion of invisibility T - an uncursed potion of sleeping Rings c - an uncursed ring of polymorph d - an uncursed +1 ring of protection (on left hand) q - an uncursed ring of sustain ability Tools m - an uncursed blindfold n - an uncursed wooden harp F - an uncursed tin whistle O - an uncursed wax candle (0:400) S - an uncursed magic whistle Spells and supernatural/magical abilities: Name Level Category Fail Memory a - force bolt 1 attack 0% 80% j - jumping 1 escape 0% 80% n - detect monsters 1 divination 0% 84% W - pray for help -- divine ? -- Your skills at the end: Fighting Skills Weapon Skills quarterstaff [Basic] Spellcasting Skills attack spells [Basic] enchantment spells [Basic] Final Attributes: You were piously aligned. You were sleep resistant. You were magic-protected. You were telepathic. You had infravision. You were protected. You are dead. Vanquished creatures: a dwarf mummy 2 human zombies 4 gnome lords 3 gnomish wizards 2 red naga hatchlings a guardian naga hatchling 4 elf zombies a little dog 2 floating eyes a kitten 7 dwarves 3 rothes a centipede a monkey 2 iguanas 2 killer bees an acid blob a coyote 3 hobbits a hobgoblin 6 giant rats 4 cave spiders a brown mold a red mold 20 gnomes 3 garter snakes a gnome zombie 4 geckos 2 jackals 3 foxes a goblin 5 sewer rats 7 grid bugs 3 bats 3 lichens a kobold zombie 5 newts 113 creatures vanquished. Voluntary challenges: You were an atheist. You used a wielded weapon 97 times, starting on turn 85. You read items or engraved 2 times, starting on turn 810. You never genocided any monsters. You never polymorphed an object. You never changed form. You used no wishes. You never split a pudding. You wrote Elbereth's name 1 time, starting on turn 4045. You never violated your personal moral code. Dungeon overview: The Dungeons of Doom: levels 1 to 7 Level 1 some fountains, a sink a long staircase Level 2 a general store, a fountain Level 3 a general store, a fountain, a sink Level 4 stairs to The Gnomish Mines Level 5 a fountain Level 6 many fountains Level 7 a fountain The Gnomish Mines: levels 5 to 7 Level 5 <- You were here stairs to The Dungeons of Doom Level 6 Level 7 some shops, a temple to Ptah, some fountains History has recorded: On T:1 you entered the Dungeons of Doom to retrieve the Amulet of Yendor! On T:83 you reached level 2 of The Dungeons of Doom. On T:312 you reached level 3 of The Dungeons of Doom. On T:589 you advanced to experience level 2. On T:1042 you reached level 4 of The Dungeons of Doom. On T:1056 you advanced to experience level 3. On T:1513 you reached level 1 of The Gnomish Mines. On T:1663 you reached level 5 of The Dungeons of Doom. On T:1724 you reached level 6 of The Dungeons of Doom. On T:1814 you advanced to experience level 4. On T:2432 you reached level 7 of The Dungeons of Doom. On T:2492 you advanced to experience level 5. On T:3081 you advanced to experience level 6. On T:3344 you reached level 2 of The Gnomish Mines. On T:3441 you reached level 3 of The Gnomish Mines. On T:3786 you advanced to experience level 7. Score breakdown: Gold: 523 ( 9250 points) Experience: 7 levels (13645 points) Exploration: 7 levels ( 14.58%) (10718 points) Discoveries: 5 items ( 1.81%) ( 4030 points) Valuables value: (no points given unless you survive) Artifact value: 0 ( 0 points) Variety of kills: 37 monsters ( 9.71%) ( 9348 points) Turncount: 4130 turns (-1072 points) Survival: died (score multiplied by 80%) Total score: 36735 Latest messages: You write in the dust with your fingers. The red naga hatchling turns to flee! The spell hits the red naga hatchling! You feel more confident in your spell casting skills. The spell hits the red naga hatchling! You kill the red naga hatchling! You see here a red naga hatchling corpse. This red naga hatchling corpse tastes terrible! You finish eating the red naga hatchling corpse. You are enveloped in a cloud of gas! You have a little trouble lifting U - a marble wand. You fall into a pit! You land on a set of sharp iron spikes! The spikes were poisoned! The poison was deadly... Final status: Goodbye Nobbs the Wizard, killed by a fall onto poison spikes... You were poisoned in The Gnomish Mines on dungeon level 5 with 36735 points, and 523 pieces of gold, after 4130 moves. You were level 7 with a maximum of 48 hit points when you were poisoned.